Map: King's Cove LE

Players

FizzFrizz

  • Race: Zerg Zerg
  • League: Diamond
  • Spawn Location: 5:00

A.I. 1 (Very Easy) - Winner!

  • Race: Protoss Protoss
  • Spawn Location: 11:00

VOD

Have the link to the VOD?

Description

Time

  • Played on: April 22, 2019, 1:02 a.m.
  • Length: 6:20
Show
View Real Time Build Order
Export as new Build Order

FizzFrizz Zerg 

Build Orders: Hatch First 

Get SALT Encoding   

  12  0:01  Drone  
  13  0:13  Overlord  
  13  0:18  Drone  
  14  0:31  Drone  
  14  0:34  Drone  
  16  0:51  Hatchery  
  16  0:54  Drone  
  16  0:57  Drone  
  16  1:03  Drone  
  18  1:12  Extractor  
  17  1:20  Drone, Spawning Pool  
  17  1:23  Drone  
  18  1:29  Drone  
  19  1:41  Drone  
  20  1:50  Overlord  
  20  2:05  Drone  
  20  2:07  Queen x2  
  20  2:08  Zergling x2  
  26  2:16  Zergling x2  
  26  2:17  Drone  
  26  2:18  Metabolic Boost  
  28  2:23  Drone  
  28  2:25  Drone  
  30  2:42  Hatchery  
  29  2:48  Queen  
  31  2:52  Overlord  
  31  2:55  Drone  
  31  2:57  Drone  
  33  3:03  Drone x2  
  35  3:08  Overlord  
  35  3:18  Drone x3  
  35  3:19  Drone x2  
  40  3:32  Drone x4  
  44  3:36  Overlord  
  44  3:55  Overlord x2  
  44  3:56  Drone x2  
  44  3:59  Lair  
  44  4:00  Drone x3  
  44  4:01  Drone x3  
  52  4:15  Queen  
  54  4:30  Hatchery  
  53  4:33  Hatchery  
  53  4:36  Overlord x2  
  53  4:37  Zergling x6  
  53  4:38  Zergling x4  
  57  4:41  Zergling x4  
  57  4:42  Zergling x2  
  57  4:43  Zergling x2  
  61  4:50  Zergling x2  
  61  4:51  Zergling x4  
  64  4:57  Zergling x2  
  64  4:58  Zergling x10  
  64  4:59  Queen  
  72  5:12  Drone x3  
  72  5:13  Zergling x4  
  72  5:14  Zergling x2  
  78  5:24  Zergling x8  
  78  5:25  Zergling x10  
  87  5:33  Zergling x4  
  87  5:34  Zergling x2  
  90  5:36  Overlord x3  
  90  5:47  Zergling x6  
  90  5:48  Zergling x4  
  95  5:51  Zergling x6  
  98  5:57  Zergling x8  
  98  5:58  Hydralisk Den  
Show
View Real Time Build Order
Export as new Build Order

A.I. 1 (Very Easy) Protoss - Winner!

Build Orders:  

Get SALT Encoding   

  12  0:00  Probe  
  13  0:13  Probe  
  14  0:21  Pylon  
  14  0:37  Assimilator  
  14  0:42  Gateway  
  14  0:46  Pylon  
  14  1:17  Probe  
  14  1:18  Assimilator  
  15  1:25  Probe  
  16  1:33  Cybernetics Core  
  16  1:34  Probe  
  17  1:44  Probe  
  18  1:56  Probe  
  18  1:59  Warp Gate  
  19  2:04  Probe  
  20  2:11  Stalker  
  22  5:19  Zealot  
  22  5:21  Probe, Pylon  
  25  5:24  Robotics Facility  
  25  5:29  Probe  
  26  5:37  Probe  
  27  5:47  Probe  
  28  5:54  Pylon  
  26  5:59  Probe  
  27  6:11  Zealot  
Tags
 
League
Diamond
Matchup
PvZ
Spawn Locations
Cross Positions
Add a new tag
Caveats
  • Supply blocks, unpowered buildings, or Contaminate may cause inaccurate times.
  • Supply counts are checked every 10 seconds.